 Dungeon Crawl Stone Soup version 0.31-a0-1540-g5a0b83f448 (webtiles) character file.

Game seed: 15665769741509610042

25120 demibob the Destroyer (level 12, -6/64 HPs)
             Began as a Deep Elf Chaos Knight on Jan 1, 2024.
             Was a Plaything of Xom.
             Mangled by a death yak (16 damage)
             ... summoned by Xom
             ... on level 2 of the Lair of Beasts.
             The game lasted 00:46:04 (13279 turns).

demibob the Destroyer (Deep Elf Chaos Knight)      Turns: 13279, Time: 00:46:06

Health: -6/64      AC:  8    Str: 19    XL:     12   Next: 86%
Magic:  3/31       EV: 12    Int: 23    God:    Xom [.*....]
Gold:   2372       SH:  0    Dex: 11    Spells: 5/25 levels left

rFire   + . .        a - +0 mace (protect)
rCold   + . .        (no shield)
rNeg    . . .        p - +3 leather armour of the Sparrow {rCorr MP+9 Dex+3}
rPois   +            (no helmet)
rElec   .            m - scarf {shadows}
rCorr   +            j - +0 pair of gloves
SInv    .            (no boots)
Will    ++...        r - amulet "Kufir" {Faith rF+ rC+ Dex-4}
Stlth   +            I - +6 ring of intelligence
HPRegen 0.30/turn    Z - ring of wizardry
MPRegen 0.22/turn

%: faith, wizardry (x1)
@: enlightened, flying, slightly contaminated
A: dopey 1, low MP 1, poison resistance, shaggy fur 1, strong 2, subdued magic 2
a: Renounce Religion


You were on level 2 of the Lair of Beasts.
You worshipped Xom.
You were a plaything of Xom.
You visited 2 branches of the dungeon, and saw 12 of its levels.

You collected 2996 gold pieces.
You spent 624 gold pieces at shops.


Innate Abilities, Weirdness & Mutations

You are dopey. (Int -2)
Your magical capacity is low. (-10% MP)
Your system is resistant to poisons. (rPois)
You are covered in fur. (AC +1)
Your muscles are very strong. (Str +8, Int/Dex -2)
Your spells are easier to cast, but less powerful.


   Skills:
 - Level 2.4 Fighting
 - Level 6.1 Maces & Flails
 - Level 3.9 Armour
 - Level 2.4 Dodging
 - Level 7.0 Spellcasting
 - Level 13.1 Conjurations
 + Level 12.7 Ice Magic
 - Level 6.0 Air Magic
 - Level 8.3 Alchemy


You had 5 spell levels left.
You knew the following spells:

 Your Spells              Type           Power      Damage    Failure   Level
f - Freezing Cloud        Conj/Ice/Air   17%        6-21      1%          5
i - Irradiate             Conj/Alch      17%        3d17      1%          5
m - Mephitic Cloud        Conj/Alch/Air  31%        N/A       1%          3
X - Mercury Vapours       Alch/Air       50%        N/A       1%          2
Y - Arcjolt               Conj/Air       16%        1d26      1%          5

Your spell library contained the following spells:

 Spells                   Type           Power      Damage    Failure   Level
 Magic Dart               Conj           100%       1d8       0%          1
 Kiss of Death            Conj/Necr      92%        2d12      1%          1
 Ensorcelled Hibernation  Hex/Ice        46%        N/A       1%          2
 Frozen Ramparts          Ice            82%        1d13      1%          3
 Summon Ice Beast         Ice/Summ       23%        N/A       1%          3
 Swiftness                Air            22%        N/A       1%          3
 Flame Wave               Conj/Fire      23%        2d8       1%          4
 Blink                    Tloc           10%        N/A       3%          2
 Call Imp                 Summ           10%        N/A       3%          2
 Sublimation of Blood     Necr           5%         N/A       3%          2
 Ignite Poison            Fire/Alch      17%        N/A       4%          4
 Leda's Liquefaction      Alch/Erth      8%         N/A       4%          4
 Petrify                  Alch/Erth      17%        N/A       4%          4
 Sticky Flame             Fire/Alch      17%        2d5       4%          4
 Metabolic Englaciation   Hex/Ice        11%        N/A       5%          5
 Confusing Touch          Hex            5%         N/A       8%          3
 Inner Flame              Hex/Fire       5%         N/A       8%          3
 Passwall                 Erth           5%         N/A       8%          3
 Vhi's Electric Charge    Tloc/Air       26%        N/A       8%          4
 Dispel Undead            Necr           5%         3d7       26%         4
 Manifold Assault         Tloc           5%         N/A       26%         4
 Dispersal                Tloc           2%         N/A       98%         6
 Disjunction              Tloc           2%         N/A       100%        8
 Ignition                 Fire           2%         3d3       100%        8
 Maxwell's Capacitive Co  Air            11%        ∞         100%        8

Inventory:

Hand Weapons
 a - a +0 mace of protection (weapon)
Armour
 j - a +0 pair of gloves (worn)
 l - +0 steam dragon scales
 m - a scarf of shadows (worn)
 p - the +3 leather armour of the Sparrow (worn) {rCorr MP+9 Dex+3}
   (You found it on level 3 of the Dungeon)

   Dex+3:     It affects your dexterity (+3).
   MP+9:      It affects your magic capacity (+9).
   rCorr:     It protects you from acid and corrosion.
Jewellery
 b - the ring "Maethrav" {rC+ rN+ MP+9 Dex-3}
   (Xom gifted it to you on level 5 of the Dungeon)

   [ring of positive energy]

   Dex-3:     It affects your dexterity (-3).
   rC+:       It protects you from cold.
   rN+:       It protects you from negative energy.
   MP+9:      It affects your magic capacity (+9).
 r - the amulet "Kufir" (around neck) {Faith rF+ rC+ Dex-4}
   (You found it on level 2 of the Lair of Beasts)

   [amulet of faith]

   Faith:     It allows you to gain divine favour quickly.
   Dex-4:     It affects your dexterity (-4).
   rF+:       It protects you from fire.
   rC+:       It protects you from cold.
 I - a +6 ring of intelligence (left hand)
 R - a ring of resist corrosion
 Z - a ring of wizardry (right hand)
Wands
 k - a wand of digging (10)
 t - a wand of flame (10)
Scrolls
 c - a scroll of identify {@r1}
 e - a scroll of blinking
 f - a scroll of amnesia
 n - a scroll of enchant weapon
 u - a scroll of enchant armour
Potions
 d - 3 potions of lignification
 g - a potion of degeneration
 h - a potion of enlightenment
 i - 2 potions of cancellation
 v - a potion of mutation
 x - a potion of attraction
Miscellaneous
 o - a phantom mirror (inert)

Dungeon Overview and Level Annotations

Branches:
Dungeon (10/15)            Temple (0/1) D:7            Lair (2/5) D:9
    Orc (0/2) D:9
  Swamp: Lair:2-3    Shoals: Lair:2-3     Snake: Lair:2-3    Spider: Lair:2-3

Altars:
Ashenzari
Cheibriados
Dithmenos
Elyvilon
Hepliaklqana
Makhleb
Nemelex Xobeh
Qazlal
Ru
Vehumet
Wu Jian
Xom
Zin

Shops:
D:2 *   D:5 *

Annotations:
D:9 1 runed translucent door, Aldia's ghost, novice OpAl
D:10 Lodul; Urug

##..## #..## ##..#
##...# #...# #.#.##
##..# ###.# ##...# #..#
#.....# ##.# ###..P.#
#.# # ##..P#.## #.# #
##....##@###.#
#....####Y#..## ###..#
#Y#...# # ##..#
#Y#..#.# #...##
#.##.### ##### #...P#
#§#..#
#.#.######....###§##.#
.#..##.##.#...##..##.##
................F....P#


You could see 2 death yaks and a friendly death yak (summoned, drained).


Message History

You kill the blink frog!
The blink frog's corpse disappears in a puff of smoke!
The death yak is engulfed in freezing vapours. x4
Casting: Irradiate (dangerous; 1% risk of failure)
Confirm with . or Enter, or press ? or * to list all spells.
You erupt in a fountain of uncontrolled magic!
The death yak is blasted with magical radiation!!
You kill the death yak!
The death yak's corpse disappears in a puff of smoke!
You are lightly contaminated with residual magic.
The death yak is engulfed in freezing vapours. x3
Enter note: dead
Enter note:
Aiming: Dig
Press: ? - help, Shift-Dir - straight line A rock wall.
The rock shatters into small pieces.
The blink frog is no longer moving slowly.
The blink frog is engulfed in freezing vapours.
The death yak gores you.
* * * LOW HITPOINT WARNING * * *
The blink frog blinks!
Aiming: Phantom Mirror
Press: ? - help, Dir - move target, f - death yak
Aim: a death yak (severely wounded, summoned)
You reflect the death yak with the mirror!
The mirror clouds!
Your death yak gores the death yak but does no damage.
The death yak gores you!
You die...

Skill      XL: |  1  2  3  4  5  6  7  8  9 10 11 12 |
---------------+-------------------------------------+-----
Maces & Flails | 3 4 5 6 |  6.1
Alchemy        | 3 5 7 8 |  8.3
Armour         | 2 3 |  3.9
Conjurations   | 2 5 11 13 | 13.1
Spellcasting   | 7 |  7.0
Air Magic      | 3 6 |  6.0
Ice Magic      | 7 12 | 12.7
Fighting       | |  2.4
Dodging        | |  2.4

Action                     |  1- 3 |  4- 6 |  7- 9 | 10-12 || total
---------------------------+-------+-------+-------+-------++-------
  Melee: Mace              |   105 |   208 |   564 |   250 ||  1127
         Punch             |     3 |     4 |     8 |     9 ||    24
   Cast: Mercury Vapours   |       |     1 |    41 |    19 ||    61
         Mephitic Cloud    |       |       |     9 |    11 ||    20
         Irradiate         |       |       |     5 |    55 ||    60
         Freezing Cloud    |       |       |       |    16 ||    16
         Arcjolt           |       |       |       |    28 ||    28
  Evoke: Wand              |       |       |       |     5 ||     5
         Phantom mirror    |       |       |       |     1 ||     1
    Use: Scroll            |     5 |    12 |     9 |    12 ||    38
         Potion            |     1 |     1 |     8 |     7 ||    17
   Stab: Sleeping          |     1 |     1 |       |       ||     2
         Confused          |       |     3 |     5 |     6 ||    14
         Invisible         |       |       |     5 |     2 ||     7
         Petrified         |       |       |       |     1 ||     1
 Armour: Leather armour    |    65 |   107 |   521 |   256 ||   949
  Dodge: Dodged            |    64 |   118 |   450 |   253 ||   885

Levels and vault maps discovered:
D:1:      spicycebolla_arrival_xxxplode, layout_basic,
          dreamdust_ecumenical_altar_angels_and_demons
D:2:      layout_basic, serial_shops, shop, basic_altar,
          amcnicky_mini_pool_small, minmay_3d_cube
D:3:      minmay_bubble_buster, layout_rooms, slow_altar_2
D:4:      layout_basic, mainiacjoe_overflow_paths, serial_bayou,
          serial_bayou_shore_a, serial_bayou_lagoon_b, serial_bayou_pond_d,
          serial_bayou_pond_b, hangedman_decor_lopped
D:5:      cheibrodos_fertilizer, layout_loops_ring, nicolae_vehumet_altar_sigil,
          serial_shops, nicolae_stop_n_shop_2, lightli_corner_chamber,
          uniq_menkaure
D:6:      layout_loops_ring, nemelex_diamond_rough_becter,
          nicolae_hepliaklqana_hippocampus, serial_undead, serial_undead_c,
          serial_undead_d, serial_undead_a, serial_undead_a, serial_undead_d,
          serial_undead_a, uniq_duvessa, uniq_grinder, uniq_eustachio,
          uniq_sigmund
D:7:      layout_basic, minmay_temple_entry_arrows, serial_park_tiny_pond,
          uniq_maggie
D:8:      layout_cave_pools, zin_statuary, mainiacjoe_overflow_alcove_1,
          mainiacjoe_overflow_brackets, amcnicky_altar_gilded
D:9:      layout_stronghold, nicolae_dithmenos_through_a_glass_darkly,
          erik_lair_island, orc_0_dummy, gammafunk_ghost_grave, moated_statue
D:10:     layout_roguey, uniq_lodul, uniq_urug
Lair:1:   layout_hall_layers, grunt_megastairs_2
Lair:2:   layout_long_grid, portal_ice_cave_entry_ice_simulacra,
          lemuel_fruit_fields

Notes
Turn   | Place    | Note
-------+----------+-------------------------------------------
     0 | D:1      | demibob the Deep Elf Chaos Knight began the quest for the
                  | Orb.
     0 | D:1      | Reached XP level 1. HP: 13/13 MP: 3/3
    81 | D:1      | XOM: potion effect (berserk rage)
    87 | D:1      | Reached XP level 2. HP: 18/18 MP: 4/4
   140 | D:1      | Found a faded altar of an unknown god.
   276 | D:1      | XOM: potion effect (brilliance)
   292 | D:1      | Reached skill level 3 in Maces & Flails
   514 | D:1      | Reached XP level 3. HP: 17/22 MP: 5/5
   767 | D:1      | XOM: give mutation
   767 | D:1      | Gained mutation: You are frail. (-10% HP) [Xom's mischief]
   963 | D:2      | Found Gaduliediy's General Store.
  1178 | D:2      | Reached XP level 4. HP: 23/24 MP: 6/6
  1312 | D:2      | Found a sacrificial altar of Ru.
  1677 | D:2      | XOM: cloud trail
  2197 | D:3      | Reached skill level 4 in Maces & Flails
  2281 | D:3      | Reached XP level 5. HP: 24/27 MP: 7/7
  2321 | D:3      | XOM: noise
  2451 | D:3      | Found a snail-covered altar of Cheibriados.
  2505 | D:3      | Identified the +3 leather armour of the Sparrow {rCorr MP+9
                  | Dex+3}
  2706 | D:3      | Lost mutation: You are frail. (-10% HP) [potion of
                  | mutation]
  2706 | D:3      | Gained mutation: Your natural rate of healing is unusually
                  | fast. [potion of mutation]
  2726 | D:3      | XOM: god gift: leather armour {god gift}
  2768 | D:4      | XOM: confuse monster(s)
  2913 | D:4      | Noticed an ogre
  2922 | D:4      | Killed an ogre
  2923 | D:4      | Reached skill level 5 in Maces & Flails
  2923 | D:4      | Reached XP level 6. HP: 36/36 MP: 8/8
  3002 | D:4      | Learned a level 2 spell: Mercury Vapours
  3028 | D:4      | Found an ornate altar of the Wu Jian Council.
  3113 | D:4      | XOM: scenery: 1 doors open
  3125 | D:4      | Reached skill level 1 in Alchemy
  3313 | D:4      | Reached skill level 2 in Alchemy
  3525 | D:5      | Entered Level 5 of the Dungeon
  3525 | D:5      | Noticed Menkaure
  3525 | D:5      | Found Piulapau's Assorted Antiques.
  3525 | D:5      | XOM: confuse monster(s)
  3591 | D:5      | XOM: butterfly on damage
  3651 | D:5      | Found a radiant altar of Vehumet.
  3678 | D:5      | Learned a level 3 spell: Mephitic Cloud
  3739 | D:5      | Reached skill level 3 in Alchemy
  3739 | D:5      | Reached XP level 7. HP: 40/40 MP: 9/9
  4022 | D:5      | Killed Menkaure
  4023 | D:5      | Reached skill level 6 in Maces & Flails
  4023 | D:5      | Reached skill level 4 in Alchemy
  4031 | D:5      | XOM: 1-stop teleportation journey
  4186 | D:5      | XOM: summons 1 hostile demon
  4214 | D:5      | Noticed a yak
  4214 | D:5      | Noticed a yak
  4325 | D:5      | XOM: blink monster(s)
  4356 | D:5      | XOM: summons 4 hostile demons
  4364 | D:5      | XOM: smoke on damage
  4409 | D:5      | XOM: scenery: 1 doors open
  4420 | D:5      | Reached skill level 1 in Armour
  4434 | D:5      | Reached skill level 5 in Alchemy
  4435 | D:5      | Found a burning altar of Makhleb.
  4435 | D:5      | Found a stormy altar of Qazlal.
  4435 | D:5      | Found a broken altar of Ashenzari.
  4435 | D:5      | Found a radiant altar of Vehumet.
  4435 | D:5      | Found a shadowy altar of Dithmenos.
  4435 | D:5      | Found a white marble altar of Elyvilon.
  4435 | D:5      | Noticed a slime creature
  4435 | D:5      | Noticed a slime creature
  4452 | D:5      | Identified the ring "Maethrav" {rC+ rN+ MP+9 Dex-3} (Xom
                  | gifted it to you on level 5 of the Dungeon)
  4452 | D:5      | XOM: god gift: ring "Maethrav" {rC+ rN+ MP+9 Dex-3}
  4598 | D:6      | XOM: swap monsters
  4600 | D:6      | a gnoll sergeant changed into a spriggan
  4600 | D:6      | Noticed a spriggan
  4600 | D:6      | XOM: polymorph gnoll sergeant -> spriggan
  4616 | D:6      | Killed a spriggan
  4617 | D:6      | Reached skill level 2 in Armour
  4617 | D:6      | Reached XP level 8. HP: 20/45 MP: 10/10
  4618 | D:6      | XOM: chaos cloud
  4644 | D:6      | XOM: blink monster(s)
  4647 | D:6      | XOM: chaos cloud
  4651 | D:6      | XOM: summons 4 hostile demons
  4652 | D:6      | Noticed an orange demon
  4652 | D:6      | XOM: torment (24/45 hp)
  4661 | D:6      | XOM: noise
  4766 | D:6      | Noticed Dowan
  4769 | D:6      | XOM: summons friendly quasit
  4779 | D:6      | Noticed Duvessa
  4785 | D:6      | Killed Dowan
  4787 | D:6      | XOM: stat loss: -1 Str (10/11)
  4788 | D:6      | Noticed Eustachio
  4805 | D:6      | XOM: enchant monster (bad)
  4809 | D:6      | Reached skill level 3 in Armour
  4809 | D:6      | Reached skill level 6 in Alchemy
  4810 | D:6      | Killed Duvessa
  4936 | D:5      | XOM: enchant monster (bad)
  4957 | D:5      | Killed Eustachio
  5087 | D:6      | Reached skill level 7 in Alchemy
  5121 | D:6      | Noticed Sigmund
  5137 | D:6      | Killed Sigmund
  5138 | D:6      | Reached skill level 2 in Conjurations
  5277 | D:6      | XOM: blink monster(s)
  5282 | D:6      | XOM: polymorph ice beast -> gnoll
  5304 | D:6      | Reached XP level 9. HP: 45/49 MP: 11/11
  5404 | D:6      | Reached skill level 1 in Spellcasting
  5409 | D:6      | Reached skill level 1 in Air Magic
  5441 | D:6      | Reached skill level 2 in Spellcasting
  5452 | D:6      | Reached skill level 2 in Air Magic
  5456 | D:6      | Reached skill level 3 in Spellcasting
  5472 | D:6      | XOM: enchant monster (bad)
  5494 | D:6      | XOM: silly message
  5500 | D:6      | XOM: god gift: 962 gold pieces
  5505 | D:6      | Found a sparkling altar of Nemelex Xobeh.
  5513 | D:6      | Reached skill level 4 in Spellcasting
  5513 | D:6      | Reached skill level 3 in Air Magic
  5522 | D:6      | XOM: confusion
  5532 | D:6      | XOM: stat loss: -1 Int (19/20)
  5731 | D:2      | Bought a scroll of acquirement for 624 gold pieces
  5731 | D:2      | Acquired 1149 gold pieces
  5870 | D:6      | XOM: swap monsters
  5900 | D:6      | Reached skill level 5 in Spellcasting
  5993 | D:6      | Reached skill level 3 in Conjurations
  6197 | D:6      | XOM: god gift: 40 gold pieces
  6224 | D:6      | Noticed Grinder
  6232 | D:6      | Paralysed by Grinder for 2 turns
  6241 | D:6      | XOM: cleaving
  6264 | D:6      | Killed Grinder
  6265 | D:6      | Reached skill level 6 in Spellcasting
  6383 | D:6      | Found a hazy altar of Hepliaklqana.
  6394 | D:6      | Learned a level 5 spell: Irradiate
  6442 | D:7      | Found a staircase to the Ecumenical Temple.
  6476 | D:7      | Reached skill level 4 in Conjurations
  6503 | D:7      | Noticed Maggie
  6520 | D:7      | Killed Maggie
  6531 | D:7      | Reached skill level 7 in Spellcasting
  6647 | D:7      | Reached skill level 5 in Conjurations
  6769 | D:7      | XOM: potion effect (brilliance)
  6785 | D:7      | Reached skill level 8 in Alchemy
  6785 | D:7      | Reached XP level 10. HP: 38/54 MP: 22/22
  6829 | D:7      | XOM: cloud trail
  6859 | D:7      | XOM: god gift: scroll of fear
  7039 | D:7      | XOM: destruction
  7046 | D:7      | XOM: potion effect (berserk rage)
  7125 | D:7      | XOM: stat loss: -1 Int (19/20)
  7658 | D:7      | XOM: give mutations
  7658 | D:7      | Gained mutation: You heal very quickly. [Xom's mischief]
  7658 | D:7      | Gained mutation: Your spells are a little easier to cast,
                  | but a little less powerful. [Xom's mischief]
  7658 | D:7      | Gained mutation: You occasionally lose the ability to drink
                  | potions when taking damage. [Xom's mischief]
  7659 | D:7      | Lost mutation: You occasionally lose the ability to drink
                  | potions when taking damage. [potion of mutation]
  7659 | D:7      | Lost mutation: You heal very quickly. [potion of mutation]
  7659 | D:7      | Lost mutation: Your natural rate of healing is unusually
                  | fast. [potion of mutation]
  7659 | D:7      | Gained mutation: A frigid envelope surrounds you and
                  | freezes all who hurt you. [potion of mutation]
  7659 | D:7      | Gained mutation: Your muscles are strong. (Str +4, Int/Dex
                  | -1) [potion of mutation]
  7670 | D:8      | Found a broken altar of Ashenzari.
  7720 | D:8      | XOM: butterfly on damage
  7736 | D:8      | Reached skill level 6 in Conjurations
  7851 | D:8      | XOM: noise
  7929 | D:8      | Reached skill level 7 in Conjurations
  8092 | D:8      | Found a sacrificial altar of Ru.
  8142 | D:8      | XOM: 1-stop teleportation journey
  8219 | D:8      | Found a glowing silver altar of Zin.
  8254 | D:8      | Found a shimmering altar of Xom.
  8278 | D:8      | a bullfrog changed into a black mamba
  8278 | D:8      | Noticed a black mamba
  8278 | D:8      | XOM: polymorph bullfrog -> black mamba
  8282 | D:8      | Killed a black mamba
  8283 | D:8      | Reached skill level 8 in Conjurations
  8543 | D:9      | Found a staircase to the Orcish Mines.
  8699 | D:9      | XOM: noise
  8757 | D:9      | Got the Almanac of the Blazing Blizzard
  8764 | D:9      | XOM: swap monsters
  8770 | D:9      | Reached skill level 9 in Conjurations
  8857 | D:9      | XOM: 1-stop teleportation journey
  8871 | D:9      | Identified the +1 robe of Dice, Bag, and Bottle {rCorr}
  8932 | D:9      | Reached skill level 10 in Conjurations
  8978 | D:9      | Found a shadowy altar of Dithmenos.
  8998 | D:9      | XOM: confuse monster(s)
  8999 | D:9      | XOM: enchant monster (good)
  9010 | D:9      | Found a staircase to the Lair.
  9075 | D:9      | Reached skill level 11 in Conjurations
  9141 | D:9      | XOM: cast spell 'Summon Small Mammal'
  9148 | D:9      | Reached XP level 11. HP: 40/58 MP: 23/23
  9373 | D:9      | XOM is BORED!
  9373 | D:9      | XOM: noise
  9381 | D:9      | Found a runed translucent door.
  9381 | D:9      | Noticed Aldia's ghost (novice OpAl)
  9482 | D:9      | XOM: noise
  9533 | D:9      | XOM: god gift: 40 gold pieces
  9751 | Lair:1   | Entered Level 1 of the Lair of Beasts
  9851 | Lair:1   | Reached skill level 12 in Conjurations
 10023 | Lair:1   | XOM: destruction
 10042 | Lair:1   | XOM: butterfly on damage
 10088 | Lair:1   | XOM: fake destruction
 10088 | Lair:1   | Noticed a catoblepas
 10247 | D:10     | Entered Level 10 of the Dungeon
 10264 | D:10     | Reached skill level 13 in Conjurations
 10307 | D:10     | Noticed Lodul
 10307 | D:10     | Noticed a two-headed ogre
 10307 | D:10     | Noticed Urug
 10307 | D:10     | XOM: smoke on damage
 10311 | D:10     | XOM: smoke on damage
 10313 | D:10     | Reached skill level 4 in Air Magic
 10596 | Lair:1   | Killed a catoblepas
 10602 | Lair:1   | Reached skill level 5 in Air Magic
 10603 | Lair:1   | Gained mutation: You are dopey. (Int -2) [mutagenic glow]
 10628 | Lair:1   | Gained mutation: You have hidden genetic defects.
                  | [mutagenic glow]
 10639 | D:9      | Reached skill level 6 in Air Magic
 10683 | D:9      | XOM: give mutations
 10683 | D:9      | Gained mutation: Your muscles are very strong. (Str +8,
                  | Int/Dex -2) [Xom's grace]
 10683 | D:9      | Gained mutation: You have a pair of small antennae on your
                  | head. [Xom's grace]
 10683 | D:9      | Gained mutation: You are covered in fur. (AC +1) [Xom's
                  | grace]
 10690 | D:9      | Learned a level 5 spell: Freezing Cloud
 10782 | Lair:1   | Reached skill level 1 in Ice Magic
 10881 | Lair:1   | XOM: divination: detect creatures
 10889 | Lair:1   | a komodo dragon changed into a mana viper
 10889 | Lair:1   | Noticed a mana viper
 10889 | Lair:1   | XOM: polymorph komodo dragon -> mana viper
 10895 | Lair:1   | Killed a mana viper
 10895 | Lair:1   | XOM: potion effect (brilliance)
 10896 | Lair:1   | Reached skill level 3 in Ice Magic
 10962 | Lair:1   | Reached skill level 4 in Ice Magic
 10997 | Lair:1   | XOM: give mutation
 10997 | Lair:1   | Gained mutation: Your system is resistant to poisons.
                  | (rPois) [Xom's grace]
 11209 | Lair:1   | XOM: butterfly on damage
 11210 | Lair:1   | XOM: 1-stop teleportation journey
 11284 | Lair:1   | XOM: give mutations
 11284 | Lair:1   | Lost mutation: You have a pair of small antennae on your
                  | head. [Xom's mischief]
 11284 | Lair:1   | Gained mutation: Your magical capacity is low. (-10% MP)
                  | [Xom's mischief]
 11324 | Lair:1   | Reached skill level 5 in Ice Magic
 11334 | Lair:1   | Gained mutation: You occasionally lose the ability to read
                  | scrolls when taking damage. [hidden defects]
 11427 | Lair:1   | a black mamba changed into a boulder beetle
 11427 | Lair:1   | Noticed a boulder beetle
 11427 | Lair:1   | XOM: polymorph black mamba -> boulder beetle
 11431 | Lair:1   | Killed a boulder beetle
 11432 | Lair:1   | Reached skill level 6 in Ice Magic
 11613 | Lair:1   | XOM: give mutations
 11613 | Lair:1   | Lost mutation: A frigid envelope surrounds you and freezes
                  | all who hurt you. [Xom's mischief]
 11613 | Lair:1   | Lost mutation: You occasionally lose the ability to read
                  | scrolls when taking damage. [Xom's mischief]
 11638 | Lair:2   | Noticed a death yak
 11665 | Lair:2   | Found a frozen archway.
 11669 | Lair:2   | Noticed a death yak
 11670 | Lair:2   | Noticed a death yak
 11670 | Lair:2   | Noticed a death yak
 11754 | Lair:1   | Killed a death yak
 11755 | Lair:1   | Reached skill level 7 in Ice Magic
 11755 | Lair:1   | Reached XP level 12. HP: 51/64 MP: 20/22
 11813 | Lair:2   | Gained mutation: Your spells are easier to cast, but less
                  | powerful. [hidden defects]
 11813 | Lair:2   | Lost mutation: You have hidden genetic defects. [hidden
                  | defects expressed]
 11820 | Lair:2   | Learned a level 5 spell: Arcjolt
 11843 | Lair:2   | Reached skill level 8 in Ice Magic
 11923 | Lair:2   | XOM: 2-stop teleportation journey
 11925 | Lair:2   | XOM: blink monster(s)
 11934 | Lair:2   | XOM: scenery: create altars
 11937 | Lair:2   | Reached skill level 9 in Ice Magic
 12093 | Lair:2   | XOM: draining
 12161 | Lair:2   | Reached skill level 10 in Ice Magic
 12261 | Lair:2   | XOM: silly message
 12367 | Lair:2   | Noticed a death yak
 12367 | Lair:2   | Noticed a death yak
 12367 | Lair:2   | Noticed a death yak
 12367 | Lair:2   | Noticed a four-headed hydra
 12367 | Lair:2   | XOM: 5-stop teleportation journey
 12470 | Lair:2   | Killed a four-headed hydra
 12576 | Lair:2   | Identified the amulet "Kufir" {Faith rF+ rC+ Dex-4}
 12613 | Lair:2   | Killed a death yak
 12614 | Lair:2   | Reached skill level 11 in Ice Magic
 12770 | Lair:2   | XOM: enchant monster (bad)
 12771 | Lair:2   | XOM: chaos cloud
 12787 | Lair:2   | XOM: confuse monster(s)
 12790 | Lair:2   | XOM: enchant monster (good)
 12792 | Lair:2   | Killed a death yak
 12949 | Lair:2   | Killed a death yak
 12952 | Lair:2   | Killed a death yak
 12953 | Lair:2   | Reached skill level 12 in Ice Magic
 12954 | Lair:2   | Killed a death yak
 12957 | Lair:2   | Killed a death yak
 13262 | Lair:2   | XOM: summons 4 hostile shadow creatures
 13263 | Lair:2   | Noticed a death yak
 13263 | Lair:2   | Noticed a death yak
 13263 | Lair:2   | Noticed a death yak
 13263 | Lair:2   | Noticed a death yak
 13263 | Lair:2   | XOM: butterfly on damage
 13268 | Lair:2   | Noticed a death yak
 13276 | Lair:2   | >>dead
 13279 | Lair:2   | Mangled by a death yak

Vanquished Creatures
  A hydra (Lair:2)
  A catoblepas (Lair:1)
  A boulder beetle (Lair:1)
  7 death yaks
  A skyshark (Lair:2)
  A mana viper (Lair:1)
  3 black mambas
  5 elephants (Lair:2)
  A torpor snail (Lair:2)
  7 cane toads
  Maggie (D:7)
  A kobold demonologist (D:9)
  A komodo dragon (Lair:1)
  2 trolls
  A polar bear (Lair:2)
  Grinder (D:6)
  Sigmund (D:6)
  2 wyverns (D:10)
  A spriggan (D:6)
  Eustachio (D:5)
  3 basilisks
  25 yaks
  2 steam dragons (D:8)
  Menkaure (D:5)
  4 vampire mosquitoes (D:9)
  6 water moccasins
  Duvessa (D:6)
  An ice beast (D:7)
  3 black bears
  3 orc warriors
  2 sky beasts
  3 centaurs
  An ogre (D:5)
  15 wolves
  2 kobold brigands (D:5)
  5 phantoms (D:6)
  7 bullfrogs
  2 scorpions
  3 water moccasin zombies (D:6)
  A wyvern skeleton (D:6)
  3 wights (D:8)
  Dowan (D:6)
  7 killer bees
  2 howler monkeys
  An electric eel (D:9)
  A bombardier beetle (D:5)
  2 centaur zombies (D:6)
  4 bullfrog skeletons (D:6)
  A centaur skeleton (D:6)
  7 hounds
  4 jellies
  4 bullfrog zombies (D:6)
  5 orc priests (D:7)
  A sleepcap (D:5)
  An iguana (D:4)
  4 orc wizards
  2 killer bee zombies (D:6)
  4 howler monkey zombies (D:6)
  4 adders
  5 gnolls
  6 ufetubi
  4 dart slugs (D:1)
  4 ribbon worms
  21 orcs
  12 endoplasms
  4 giant cockroaches
  6 goblins
  13 hobgoblins
  9 kobolds
  6 quokkas
  7 ball pythons
  5 bats
  2 frilled lizards
  6 rats
298 creatures vanquished.

Vanquished Creatures (collateral kills)
  A wyvern (D:9)
  An ogre (D:4)
  2 endoplasms (D:5)
4 creatures vanquished.

Vanquished Creatures (others)
  A scorpion (Lair:1)
1 creature vanquished.

Grand Total: 303 creatures vanquished

Table legend: (Time is in decaauts)
 A = Elapsed time spent in this place.
 B = Non-inter-level travel time spent in this place.
 C = Inter-level travel time spent in this place.
 D = Time resting spent in this place.
 E = Time spent auto-exploring this place.
 F = Levels seen in this place.
 G = Mean time per level.
                   A        B        C        D        E       F      G
               +--------+--------+--------+--------+--------+-----+--------+
         Total |  13484 |  12765 |    719 |   1458 |   8460 |  12 | 1123.7 |
       Dungeon |  10575 |   9929 |    646 |    934 |   6703 |  10 | 1057.5 |
          Lair |   2909 |   2837 |     72 |    524 |   1757 |   2 | 1454.5 |
               +--------+--------+--------+--------+--------+-----+--------+

Top non-repeatable levels by time:
     D:9: 1777 daAuts
  Lair:2: 1496 daAuts
     D:6: 1451 daAuts
  Lair:1: 1413 daAuts
     D:5: 1317 daAuts
     D:7: 1297 daAuts
     D:2: 1106 daAuts
     D:1: 991 daAuts
     D:4: 884 daAuts
     D:8: 838 daAuts
     D:3: 825 daAuts
    D:10: 85 daAuts

Table legend:
 A = Non-vault XP
 B = Vault XP
 C = Vault XP percentage of total XP
 D = Non-vault monster count
 E = Vault monster count
 F = Vault count percentage of total count
                 A         B        C        D         E       F
            +---------+---------+-------+---------+---------+-------
      Total |   29298 |    6589 |  18.4 |     222 |      80 |  26.5
            +---------+---------+-------+---------+---------+-------
        D:1 |      67 |       0 |   0.0 |      26 |       0 |   0.0
        D:2 |      25 |      24 |  49.0 |      16 |       4 |  20.0
        D:3 |      23 |      79 |  77.5 |      12 |      14 |  53.8
        D:4 |     264 |      95 |  26.5 |      12 |       5 |  29.4
        D:5 |     358 |     666 |  65.0 |      13 |      12 |  48.0
        D:6 |     764 |    2140 |  73.7 |      14 |      30 |  68.2
        D:7 |    1227 |     398 |  24.5 |      21 |       1 |   4.5
        D:8 |    1746 |       0 |   0.0 |      13 |       0 |   0.0
        D:9 |    2713 |     779 |  22.3 |      26 |       7 |  21.2
       D:10 |     717 |       0 |   0.0 |       3 |       0 |   0.0
     Lair:1 |    8252 |    2408 |  22.6 |      36 |       7 |  16.3
     Lair:2 |   13142 |       0 |   0.0 |      30 |       0 |   0.0
            +---------+---------+-------+---------+---------+-------
